 Dungeon Crawl Stone Soup version 0.28.0 (webtiles) character file.

Game seed: 6408818468069926119

120 Akaron the Skirmisher (level 5, -1/38 HPs)
             Began as an Octopode Wanderer on Feb 6, 2022.
             Slain by a hound (5 damage)
             ... on level 4 of the Dungeon.
             The game lasted 00:05:13 (3571 turns).

Akaron the Skirmisher (Octopode Wanderer)           Turns: 3571, Time: 00:05:13

Health: -1/38      AC:  3    Str: 15    XL:     5   Next: 4%
Magic:  7/7        EV: 13    Int: 13    God:
Gold:   90         SH:  0    Dex: 11    Spells: 4/6 levels left

rFire   . . .      SeeInvis .   h - +0 hand axe
rCold   . . .      Faith    .   (no shield)
rNeg    . . .      Spirit   .   c - +2 hat
rPois   .          Reflect  .   (no amulet)
rElec   .          Harm     .   (no ring)
rCorr   .          Rampage  .   (no ring)
Will    .....                   (no ring)
Stlth   +++.......              (no ring)
HPRegen 0.12/turn               (no ring)
MPRegen 0.10/turn               (no ring)
                                (no ring)
                                (no ring)

@: no status effects
A: almost no armour, amphibious, 8 rings, camouflage 1, gelatinous body 1,
(nimble swimmer 1), tentacles
a: no special abilities


You were on level 4 of the Dungeon.
You visited 1 branch of the dungeon, and saw 4 of its levels.

You collected 90 gold pieces.

Inventory:

Hand Weapons
 a - a +0 club
 h - a +0 hand axe (weapon)
Armour
 c - a +2 hat (worn)
Jewellery
 o - a +6 ring of dexterity
Scrolls
 b - a scroll of silence
 d - a scroll of teleportation {unknown}
 e - 2 scrolls of identify {unknown}
 k - a scroll of vulnerability {unknown}
 l - 2 scrolls of fear {unknown}
Potions
 f - a potion of brilliance {unknown}
 g - a potion of might {unknown}
 i - 2 potions of heal wounds {unknown}
 j - a potion of attraction {unknown}
 m - a potion of haste {unknown}
 n - a potion of curing {unknown}


   Skills:
 + Level 4.7 Fighting
 + Level 0.8(1.1) Axes
 + Level 1.1(1.3) Maces & Flails
 + Level 1.0 Throwing
 + Level 2.4 Dodging
 + Level 3.2 Stealth
 + Level 1.4 Spellcasting
 + Level 0.2 Conjurations
 + Level 1.3 Summonings
 + Level 0.9 Fire Magic


You had 4 spell levels left.
You knew the following spells:

 Your Spells              Type           Power      Damage    Failure   Level
a - Summon Small Mammal   Summ           16%        N/A       16%         1
b - Foxfire               Conj/Fire      8%         2x1d4     22%         1

Your spell library contained the following spells:

 Spells                   Type           Power      Damage    Failure   Level
 Animate Skeleton         Necr           0%         N/A       26%         1
 Pain                     Necr           0%         1d4       26%         1
 Summon Guardian Golem    Hex/Summ       2%         N/A       52%         3
 Conjure Flame            Conj/Fire      2%         6-21      54%         3
 Inner Flame              Hex/Fire       2%         N/A       56%         3
 Vampiric Draining        Necr           0%         2d6       63%         3
 Flame Wave               Conj/Fire      2%         2d4       91%         4


Dungeon Overview and Level Annotations

Branches:
Dungeon (4/15)
 Temple: D:4-7

Altars:


Innate Abilities, Weirdness & Mutations

You cannot wear most types of armour.
You are amphibious.
You can wear up to eight rings at the same time.
Your skin changes colour to match your surroundings (Stealth+).
Your rubbery body absorbs attacks. (AC +1, EV +1)
((You are camouflaged when in or above water. (Stealth+)))
You have tentacles for arms and can constrict up to eight enemies at once.


Message History

You hit the worm. You squeeze the worm.
You kill the worm!
You hit the hound. The hound closely misses you. The hound barely misses you.
You closely miss the hound. Your grab misses the hound.
The hound is moderately wounded.
The hound bites you.
You hit the hound. Your grab misses the hound.
The hound is moderately wounded.
You hit the endoplasm. The hound closely misses you. The endoplasm freezes you.
You are frozen.
The hound bites you but does no damage. The endoplasm freezes you.
You are frozen.
You hit the endoplasm but do no damage.
The endoplasm is lightly wounded.
You closely miss the hound. The hound misses you.
The hound completely misses you. The endoplasm freezes you.
You are frozen.
You hit the endoplasm but do no damage.
The endoplasm is lightly wounded.
You closely miss the hound. The hound bites you but does no damage.
The endoplasm freezes you.
You are frozen.
The hound barely misses you.
You hit the endoplasm.
The endoplasm is heavily wounded.
You barely miss the hound. The hound barely misses you.
The endoplasm freezes you.
You are frozen.
* * * LOW HITPOINT WARNING * * *
The hound closely misses you.
You barely miss the endoplasm.
The endoplasm is heavily wounded.
You hit the hound. The hound bites you.
* * * LOW HITPOINT WARNING * * *
The endoplasm freezes you.
You are frozen.
* * * LOW HITPOINT WARNING * * *
The hound bites you.
You die...

#...## .....
#...# # #...#
.. #...#
##.####...#####
.......J.......
.......@h....).
............)..
##.####...#####
###...###
#.......#
#.#...#.#
#.#...#.#
#.#...#.#
#.#...#.#


You could see a hound and an endoplasm.

Vanquished Creatures
  2 adders
  4 worms
  5 dart slugs
  11 ball pythons
  6 endoplasms
  2 giant cockroaches
  8 goblins
  5 hobgoblins
  8 jackals (D:1)
  2 quokkas (D:2)
  5 bats
  6 frilled lizards
  4 kobolds (D:1)
  8 rats
76 creatures vanquished.

Vanquished Creatures (others)
  31 foxfires
31 creatures vanquished.

Grand Total: 107 creatures vanquished

Notes
Turn   | Place    | Note
-------+----------+-------------------------------------------
     0 | D:1      | Akaron the Octopode Wanderer began the quest for the Orb.
     0 | D:1      | Akaron set off with the following items: a +0 club, a
                  | scroll of silence, a +2 hat; and the following spell
                  | memorised: Summon Small Mammal; and the following spells
                  | available to memorise: Summon Guardian Golem
     0 | D:1      | Reached XP level 1. HP: 17/17 MP: 2/2
   257 | D:1      | Reached XP level 2. HP: 22/22 MP: 3/3
   630 | D:1      | Reached XP level 3. HP: 27/27 MP: 4/4
  1754 | D:2      | Learned a level 1 spell: Foxfire
  2005 | D:2      | Reached XP level 4. HP: 34/34 MP: 1/5
  2270 | D:2      | Found a faded altar of an unknown god.
  2491 | D:2      | Reached skill level 1 in Maces & Flails
  3498 | D:4      | Reached XP level 5. HP: 38/38 MP: 7/7
  3571 | D:4      | Slain by a hound

Illustrated notes

Levels and vault maps discovered:
D:1:      minmay_arrival_open_corners, layout_loops_corners
D:2:      layout_basic, chequers_ecumenical_altar_simple
D:3:      layout_basic, grunt_ministairs_13
D:4:      layout_loops_cross

Skill      XL: |  1  2  3  4 |
---------------+-------------+-----
Stealth        | 2 3 |  3.2
Maces & Flails | 1 |  1.1
Fighting       | |  4.7
Axes           | |  0.8
Throwing       | |  1.0
Dodging        | |  2.4
Spellcasting   | |  1.4
Conjurations   | |  0.2
Summonings     | |  1.3
Fire Magic     | |  0.9

Action                   |  1- 3 |  4- 6 || total
-------------------------+-------+-------++-------
Melee: Club              |    82 |     3 ||    85
       Tentacles         |    18 |     8 ||    26
       Constrict         |    25 |    12 ||    37
       Hand axe          |       |    45 ||    45
 Cast: Summon Small Mamm |     5 |       ||     5
       Foxfire           |     4 |    16 ||    20
 Stab: Sleeping          |     9 |     6 ||    15
Armor: Skin              |    30 |     6 ||    36
Dodge: Dodged            |    75 |    31 ||   106
